 Dungeon Crawl Stone Soup version 0.26-a0-661-g406de6ba63 (webtiles) character file.

Game seed: 2463151804493158043

74 DogServant the Grave Robber (level 4, -1/33 HPs)
             Began as a Mummy Necromancer on Oct 9, 2020.
             Slain by a bullfrog zombie (5 damage)
             ... on level 2 of the Dungeon.
             The game lasted 00:03:03 (2463 turns).

DogServant the Grave Robber (Mummy Necromancer)     Turns: 2463, Time: 00:03:03

Health: -1/33      AC:  2    Str: 11    XL:     4   Next: 10%
Magic:  5/9        EV: 12    Int: 15    God:
Gold:   44         SH:  0    Dex: 12    Spells: 8/10 levels left

rFire    x . .     SeeInvis .   f - +0 dagger (speed)
rCold    + . .     Faith    .   (no shield)
rNeg     + + +     Spirit   .   a - +0 robe
rPois    ∞         Reflect  .   (no helmet)
rElec    .         Harm     .   (no cloak)
rCorr    .         Rampage  .   (no gloves)
MR       .....                  (no boots)
Stlth    ++........             (no amulet)
HPRegen  0.11/turn              (no ring)
MPRegen  0.11/turn              (no ring)

@: no status effects
A: no potions, fire vulnerability, cold resistance 1, negative energy resistance
3, torment resistance, unbreathing
a: no special abilities


You were on level 2 of the Dungeon.
You visited 1 branch of the dungeon, and saw 2 of its levels.

You collected 44 gold pieces.

Inventory:

Hand Weapons
 e - a +0 whip
 f - a +0 dagger of speed (weapon)
Armour
 a - a +0 robe (worn)
Scrolls
 b - 2 scrolls of fog {unknown}
 c - 3 scrolls of identify {unknown}
 d - a scroll of enchant armour {unknown}
 g - a scroll of teleportation {unknown}
 h - a scroll of enchant weapon {unknown}


   Skills:
 + Level 1.9 Fighting
 - Level 1.5 Dodging
 - Level 1.5 Stealth
 + Level 3.8 Spellcasting
 + Level 4.6 Necromancy


You had 8 spell levels left.
You knew the following spells:

 Your Spells              Type           Power        Failure   Level
a - Pain                  Necr           ###.         2%          1
b - Animate Skeleton      Necr           ###...       2%          1

Your spell library contained the following spells:

 Spells                   Type           Power        Failure   Level
 Vampiric Draining        Necr           ###.......   9%          3
 Animate Dead             Necr           ###.......   26%         4
 Agony                    Necr           ###.....     58%         5


Dungeon Overview and Level Annotations

Branches:
Dungeon (2/15)

Altars:


Innate Abilities, Weirdness & Mutations

You do not drink.
Your flesh is vulnerable to fire.
You are immune to poison.
Your flesh is cold resistant. (rC+)
You are immune to negative energy. (rN+++)
You are immune to unholy pain and torment.
You can survive without breathing.


Message History

The bullfrog zombie hits you.
* * * LOW HITPOINT WARNING * * *
The bullfrog zombie hits your rat skeleton.
Your adder skeleton bites the bullfrog zombie.
Your rat skeleton bites the bullfrog zombie.
Your magical contamination has completely faded away.
The bullfrog zombie hits your adder skeleton.
Your adder skeleton is destroyed!
Your rat skeleton bites the bullfrog zombie.
Your rat skeleton bites the bullfrog zombie.
The bullfrog zombie misses you.
Your rat skeleton barely misses the bullfrog zombie.
The bullfrog zombie closely misses you. The bullfrog zombie barely misses you.
Your rat skeleton bites the bullfrog zombie.
The bullfrog zombie hits you.
* * * LOW HITPOINT WARNING * * *
A goblin comes into view. It is wielding a -2 dagger.
The bullfrog zombie hits you.
You die...

######....#........###########
..............................
##.......#........###########
#........#......)......# #..
##................#.........#
.##.................#.........
.............#...#### .......
##........?..###.# .......
#............@..## ......
##..).......##Z..###. ......##
##.........Z......... .....<.
#........######.#... .......
.............. .... .......
........!...### ... .......
.....$......... #g #......
................ .......
.#>..........### ..###..


You could see a bullfrog zombie.

Vanquished Creatures
  3 adders (D:2)
  An ooze (D:1)
  A worm (D:2)
  A dart slug (D:1)
  4 bats
  2 giant cockroaches
  8 goblins (D:1)
  5 hobgoblins
  A frilled lizard (D:2)
  6 kobolds
  6 rats
38 creatures vanquished.

Notes
Turn   | Place    | Note
-------+----------+-------------------------------------------
     0 | D:1      | DogServant the Mummy Necromancer began the quest for the
                  | Orb.
     0 | D:1      | Reached XP level 1. HP: 13/13 MP: 4/4
   141 | D:1      | Reached XP level 2. HP: 13/20 MP: 0/6
   474 | D:1      | Reached skill level 1 in Fighting
  1097 | D:1      | Learned a level 1 spell: Animate Skeleton
  1544 | D:1      | Reached XP level 3. HP: 26/26 MP: 7/7
  2415 | D:2      | Reached XP level 4. HP: 21/33 MP: 3/9
  2463 | D:2      | Slain by a bullfrog zombie

Illustrated notes

Levels and vault maps discovered:
D:1:      dpeg_arrival_rooms_with_view, layout_loops_corners
D:2:      layout_rooms, uniq_robin

Skill      XL: |  1  2 |
---------------+-------+-----
Spellcasting   | 3 |  3.8
Fighting       | 1 |  1.9
Dodging        | |  1.5
Stealth        | |  1.5
Necromancy     | |  4.6

Action                   |  1- 3 |  4- 6 || total
-------------------------+-------+-------++-------
Melee: Unarmed           |     4 |       ||     4
       Whip              |    23 |       ||    23
       Dagger            |    50 |       ||    50
 Cast: Pain              |    67 |     1 ||    68
       Animate Skeleton  |       |     2 ||     2
 Stab: Sleeping          |     4 |       ||     4
Armor: Robe              |    17 |       ||    17
Dodge: Dodged            |    58 |     3 ||    61

Table legend: (Time is in decaauts)
 A = Elapsed time spent in this place.
 B = Non-inter-level travel time spent in this place.
 C = Inter-level travel time spent in this place.
 D = Time resting spent in this place.
 E = Time spent auto-exploring this place.
 F = Levels seen in this place.
 G = Mean time per level.
                   A        B        C        D        E       F      G
               +--------+--------+--------+--------+--------+-----+--------+
         Total |   2447 |   2404 |     43 |    842 |   1238 |   2 | 1223.5 |
       Dungeon |   2447 |   2404 |     43 |    842 |   1238 |   2 | 1223.5 |
               +--------+--------+--------+--------+--------+-----+--------+

Top non-repeatable levels by time:
     D:1: 1961 daAuts
     D:2: 486 daAuts
